Map: Torches LE

Players

llllllllllll - Winner!

  • Race: Protoss Protoss
  • Spawn Location: 1:00

SubN

  • Race: Zerg Zerg
  • League: Diamond
  • Spawn Location: 5:00

VOD

Have the link to the VOD?

Description

Time

  • Played on: July 22, 2025, 3:10 p.m.
  • Length: 13:25
Show
View Real Time Build Order
Export as new Build Order

llllllllllll Protoss - Winner!

Build Orders: Nexus First, Oracle Opening 

Get SALT Encoding   

  1  0:00  Probe  
  13  0:07  Probe  
  14  0:17  Probe  
  15  0:23  Pylon  
  15  0:37  Pylon  
  15  0:41  Probe  
  16  1:01  Nexus  
  16  1:12  Forge  
  16  1:25  Gateway  
  16  1:28  Probe  
  17  1:32  Assimilator  
  17  1:46  Photon Cannon  
  17  1:53  Pylon  
  17  1:54  Probe  
  18  2:02  Probe  
  18  2:05  Assimilator  
  19  2:11  Probe  
  19  2:13  Cybernetics Core  
  20  2:16  Assimilator  
  20  2:19  Probe  
  20  2:20  Probe  
  21  2:28  Probe  
  21  2:29  Probe  
  24  2:37  Probe  
  24  2:38  Probe  
  26  2:46  Probe  
  27  2:52  Stargate  
  27  2:57  Probe  
  28  3:02  Assimilator  
  28  3:03  Probe  
  29  3:10  Protoss Shields Level 1  
  29  3:14  Probe  
  30  3:20  Pylon  
  30  3:23  Probe  
  30  3:25  Oracle  
  30  3:26  Warp Gate  
  31  3:27  Probe  
  32  3:34  Probe  
  36  3:42  Probe  
  37  3:50  Pylon, Probe  
  37  3:52  Probe  
  39  4:03  Probe  
  39  4:06  Probe  
  39  4:08  Void Ray  
  45  4:13  Pylon  
  45  4:15  Probe  
  46  4:18  Probe  
  47  4:24  Robotics Facility  
  47  4:36  Probe  
  48  4:40  Robotics Facility  
  48  4:42  Robotics Facility  
  48  4:44  Pylon  
  48  4:50  Probe x2  
  50  5:02  Probe  
  50  5:04  Probe  
  52  5:24  Probe  
  52  5:25  Immortal  
  52  5:27  Protoss Ground Weapons Level 1  
  57  5:29  Immortal x2  
  65  5:41  Probe  
  66  5:45  Pylon  
  66  5:50  Probe  
  66  5:51  Twilight Council  
  66  5:52  Robotics Bay  
  66  5:53  Fleet Beacon  
  67  5:58  Pylon, Probe  
  67  6:02  Pylon  
  68  6:06  Probe  
  69  6:18  Shield Battery  
  69  6:19  Pylon, Shield Battery  
  69  6:20  Protoss Air Weapons Level 1  
  69  6:24  Probe  
  70  6:27  Gateway  
  70  6:31  Phoenix  
  72  6:35  Probe  
  72  6:38  Extended Thermal Lance  
  73  6:41  Pylon  
  73  6:43  Templar Archives  
  73  6:46  Probe  
  74  6:52  Gateway  
  74  7:01  Gateway  
  74  7:04  Stargate  
  74  7:06  Photon Cannon  
  74  7:08  Probe x2  
  76  7:22  Probe  
  77  7:25  Dark Shrine  
  77  7:26  Gateway  
  77  7:28  Gateway  
  77  7:37  Nexus  
  77  7:39  Assimilator  
  77  7:43  Assimilator  
  77  7:47  Pylon  
  77  7:49  Pylon, Tempest  
  85  7:52  Pylon  
  86  7:58  Zealot x2  
  86  8:00  Zealot  
  86  8:05  Tempest  
  91  8:12  Stalker  
  85  8:28  Pylon  
  85  8:30  Shadow Stride, Pylon  
  85  8:34  Probe x2  
  85  8:39  Shield Battery  
  85  8:40  Shield Battery  
  87  8:42  Photon Cannon  
  87  8:44  High Templar x2  
  87  8:45  Gateway, High Templar x2  
  95  8:51  Probe  
  96  8:59  Archon  
  96  9:00  Archon  
  96  9:01  Probe  
  97  9:15  Dark Templar x2  
  101  9:17  Dark Templar  
  101  9:23  Probe  
  104  9:27  Pylon  
  104  9:31  Probe  
  104  9:35  Nexus  
  99  10:08  Pylon  
  99  10:11  Colossus  
  105  10:15  Pylon  
  105  10:16  Pylon  
  105  10:17  Protoss Air Weapons Level 2, Probe  
  105  10:20  Assimilator  
  106  10:22  Dark Templar x4  
  108  10:36  Stalker x2, Void Ray  
  108  10:41  Shield Battery  
  112  10:43  Photon Cannon  
  112  10:46  Anion Pulse-Crystals  
  112  10:47  Charge  
  112  10:51  Gateway  
  112  10:53  Gateway  
  112  10:54  Gateway  
  112  10:56  Gateway  
  112  10:58  Gateway  
  112  11:02  Probe x2  
  114  11:12  Stalker  
  114  11:13  Stalker x2  
  114  11:14  Adept  
  122  11:25  Stalker  
  124  11:26  Adept  
  124  11:27  Stalker  
  128  11:33  Probe  
  128  11:38  Gateway  
  129  11:40  Cybernetics Core  
  129  11:45  Adept x3  
  135  11:50  Flux Vanes  
  135  12:05  Dark Templar x3  
  135  12:06  Dark Templar x2  
  145  12:23  Stalker x2  
  145  12:24  Stalker x2  
  135  12:44  Stalker  
  135  12:45  Stalker x5  
  133  12:55  Phoenix  
  133  12:57  Zealot x3  
  133  12:58  Zealot x3  
  147  13:02  Stargate  
Show
View Real Time Build Order
Export as new Build Order

SubN Zerg 

Build Orders: Pool First 

Get SALT Encoding   

  12  0:00  Drone  
  13  0:12  Overlord  
  13  0:17  Drone  
  14  0:30  Drone x2  
  16  0:42  Spawning Pool  
  15  0:45  Drone  
  16  1:00  Drone  
  16  1:03  Extractor  
  16  1:15  Hatchery  
  15  1:20  Drone  
  16  1:30  Zergling x4  
  16  1:31  Zergling x2  
  19  1:41  Queen  
  21  1:49  Overlord  
  21  1:53  Drone  
  22  2:08  Roach Warren  
  21  2:10  Drone  
  21  2:14  Drone  
  22  2:30  Queen  
  22  2:35  Drone  
  25  2:38  Drone x2  
  27  2:44  Drone  
  28  2:54  Queen  
  30  3:00  Overlord  
  30  3:06  Drone x2  
  30  3:12  Drone x2  
  34  3:14  Drone  
  35  3:27  Drone x4  
  35  3:32  Lair  
  39  3:36  Drone  
  39  3:38  Extractor  
  39  3:40  Overlord  
  39  3:45  Overlord  
  39  3:49  Overlord  
  39  3:53  Drone x2  
  41  3:57  Drone x2  
  43  4:05  Metabolic Boost  
  43  4:07  Drone x3  
  46  4:11  Extractor  
  46  4:13  Extractor  
  44  4:19  Drone x3  
  47  4:28  Queen  
  47  4:35  Queen  
  49  4:39  Drone  
  49  4:41  Drone x3  
  49  4:42  Drone  
  49  4:44  Drone  
  55  4:52  Glial Reconstitution  
  55  4:59  Drone  
  56  5:02  Baneling Nest  
  56  5:03  Drone  
  56  5:04  Queen  
  58  5:08  Overlord  
  58  5:09  Overlord x2  
  57  5:21  Queen  
  56  5:24  Drone  
  56  5:25  Overlord  
  61  5:28  Roach  
  61  5:29  Roach x4  
  69  5:48  Roach  
  69  5:49  Roach x5  
  81  5:51  Ravager x3  
  84  5:59  Overlord x2, Hatchery  
  83  6:06  Centrifugal Hooks  
  83  6:13  Overlord x2  
  83  6:14  Overlord x2  
  83  6:22  Overlord x2  
  83  6:23  Overlord  
  83  6:25  Overseer  
  83  6:37  Zergling x2  
  83  6:38  Zergling x12  
  90  6:46  Overseer  
  90  6:52  Drone  
  90  6:54  Spire  
  90  6:58  Roach  
  90  6:59  Roach x3  
  98  7:18  Queen  
  100  7:27  Drone x10  
  110  7:34  Drone  
  111  7:38  Baneling x6  
  111  7:39  Baneling x4  
  111  7:42  Overlord  
  111  7:47  Spore Crawler  
  111  7:48  Roach x3  
  116  7:53  Queen  
  120  7:58  Roach x2  
  120  7:59  Roach  
  114  8:32  Mutalisk, Zerg Flyer Weapons Level 1  
  114  8:33  Mutalisk x9  
  131  8:40  Overseer  
  131  9:00  Drone x4  
  131  9:01  Drone x3  
  138  9:04  Extractor  
  138  9:06  Extractor  
  136  9:11  Corruptor  
  136  9:12  Extractor  
  136  9:13  Hatchery  
  136  9:14  Overlord x5  
  136  9:16  Extractor  
  135  9:18  Evolution Chamber  
  135  9:21  Evolution Chamber  
  133  9:28  Drone x2  
  133  9:29  Drone x3  
  138  9:34  Drone  
  138  9:35  Drone x3  
  141  9:41  Corruptor  
  141  9:42  Corruptor x5  
  145  9:53  Zerg Melee Weapons Level 1  
  143  10:06  Overseer  
  132  10:17  Corruptor x2  
  132  10:18  Corruptor  
  132  10:20  Zergling x4  
  132  10:21  Zergling x8  
  144  10:25  Pneumatized Carapace, Infestation Pit  
  127  10:50  Roach  
  127  10:51  Roach x12  
  127  10:54  Queen  
  155  11:06  Zerg Flyer Weapons Level 2  
  155  11:18  Hatchery  
  149  11:33  Overlord x4  
  149  11:41  Infestor x2  
  149  11:42  Infestor x2  
  157  11:50  Ravager x3  
  160  11:54  Drone x7  
  167  12:16  Mutalisk x4  
  102  12:59  Hydralisk Den  
  102  13:03  Zergling x6  
  102  13:04  Zergling x26  
  117  13:07  Overlord x2  
  117  13:11  Overseer  
Tags
 
Add a new tag
Caveats
  • Supply blocks, unpowered buildings, or Contaminate may cause inaccurate times.
  • Supply counts are checked every 10 seconds.